 Dungeon Crawl Stone Soup version 0.25-a0-156-g0c4bda3fdf (webtiles) character file.

Game seed: 6803572078110679878, levelgen mode: deterministic

118 Leeroy the Skirmisher (level 4, 0/40 HPs)
             Began as a Draconian Skald on Nov 20, 2019.
             Killed by divine providence
             ... invoked by an orc priest
              (13 damage)
             ... on level 3 of the Dungeon.
             The game lasted 00:04:18 (1745 turns).

Leeroy the Skirmisher (Draconian Skald)             Turns: 1745, Time: 00:04:19

Health: 0/40       AC:  8    Str: 13    XL:     4   Next: 72%
Magic:  7/7        EV: 12    Int: 13    God:
Gold:   108        SH:  0    Dex: 12    Spells: 0/7 levels left

rFire    . . .     SeeInvis .   a - +0 falchion
rCold    . . .     Gourm    .   (no shield)
rNeg     . . .     Faith    .   (armour unavailable)
rPois    .         Spirit   .   (helmet restricted)
rElec    .         Reflect  .   k - +2 cloak
rCorr    .         Harm     .   (no gloves)
MR       .....                  (no boots)
Stlth    +.........             (no amulet)
HPRegen  0.13/turn              (no ring)
MPRegen  0.10/turn              (no ring)

@: lethally poisoned (0 -> -2), slowed, very slow
A: unfitting armour, cold-blooded, AC +5
a: no special abilities


You were on level 3 of the Dungeon.
You were not hungry.

You visited 1 branch of the dungeon, and saw 3 of its levels.

You collected 108 gold pieces.

Inventory:

Hand Weapons
 a - a +0 falchion (weapon)
 e - a +0 short sword
 m - a +0 dagger
 o - a +0 dagger
 s - a +0 rapier
Missiles
 n - 126 stones (quivered)
Armour
 k - a +2 cloak (worn)
Scrolls
 d - a scroll of enchant armour {unknown}
 f - a scroll of remove curse {unknown}
 h - a scroll of immolation {unknown}
 i - 2 scrolls of enchant weapon {unknown}
 j - a scroll of blinking {unknown}
 p - 2 scrolls of identify {unknown}
 r - a scroll of teleportation {unknown}
 v - 3 scrolls of amnesia {unknown}
Potions
 b - a potion of magic {unknown}
 g - 3 potions of curing {unknown}
 l - a potion of lignification {unknown}
 q - 2 potions of heal wounds {unknown}
 t - 2 potions of ambrosia {unknown}
Comestibles
 c - a ration
 u - 5 chunks of flesh


   Skills:
 - Level 4.0 Fighting
 - Level 3.1 Long Blades
 + Level 2.3 Dodging
 - Level 2.0 Spellcasting
 - Level 3.2 Charms


You couldn't memorise any spells.
You knew the following spells:

 Your Spells              Type           Power        Failure   Level  Hunger
a - Infusion              Chrm           #...         7%          1    ##.....
b - Spectral Weapon       Hex/Chrm       #.......     36%         3    ####...
c - Regeneration          Chrm/Necr      #.........   36%         3    ####...

Your spell library contained the following spells:

 Spells                   Type           Power        Failure   Level  Hunger
 Song of Slaying          Chrm           #.......     10%         2    ###....
 Shroud of Golubria       Chrm/Tloc      #.....       21%         2    ###....


Dungeon Overview and Level Annotations

Branches:
Dungeon (3/15)

Altars:
Qazlal


Innate Abilities, Weirdness & Mutations

Your plain brown scales are hard. (AC +5)
You cannot fit into any form of body armour.
You are cold-blooded and may be slowed by cold attacks.


Message History

The adder bites you.
You are poisoned.
The adder poisons you!
The orc priest calls down the wrath of Beogh upon you.
Pain shoots through your body!
You feel sick. The adder closely misses you.
You riposte.
You barely miss the adder.
The adder is severely wounded.
You see here a hobgoblin skeleton.
You feel sick. The adder barely misses you.
The orc wizard casts a spell.
The orc wizard blinks!
The adder bites you but does no damage.
You feel sick.
The orc priest looks encouraged for a moment.
The adder misses you. The adder barely misses you.
The orc priest calls down the wrath of Beogh upon you.
Beogh smites you!
You die...

#...###...... #...#
#...# #.รท.# #.o.# ##.
######.o.#####......
##.............###..
.......S....#.......
#.....@...[...###..
####.#....##### #.#
#.#>...# #.# #.#....#
#.##### #.#....# #......
#......# ####..####
####.### #.......##
##...#####.##..#... #.
######.###......##.....#


You could see an orc priest, an adder and an orc.

Vanquished Creatures
  Natasha (twice) (D:2)
  2 adders
  A worm (D:3)
  3 dart slugs (D:1)
  3 goblins (D:1)
  11 hobgoblins
  5 kobolds
  A ball python (D:1)
  8 bats
  2 frilled lizards (D:1)
  3 rats (D:1)
41 creatures vanquished.

Notes
Turn   | Place    | Note
-------+----------+-------------------------------------------
     0 | D:1      | Leeroy the Draconian Skald began the quest for the Orb.
     0 | D:1      | Reached XP level 1. HP: 17/17 MP: 3/3
   116 | D:1      | Reached XP level 2. HP: 21/24 MP: 5/5
   387 | D:1      | Reached XP level 3. HP: 27/30 MP: 6/6
   394 | D:1      | Reached skill level 3 in Fighting
   949 | D:2      | Noticed Natasha
   977 | D:2      | Killed Natasha
  1066 | D:2      | Reached skill level 4 in Fighting
  1066 | D:2      | Reached XP level 4. HP: 38/40 MP: 7/7
  1107 | D:2      | Learned a level 3 spell: Spectral Weapon
  1133 | D:2      | Learned a level 3 spell: Regeneration
  1374 | D:2      | Noticed Natasha
  1383 | D:2      | Killed Natasha
  1703 | D:3      | Found a stormy altar of Qazlal.
  1745 | D:3      | Killed from afar by an orc priest

Levels and vault maps discovered:
D:1:      dpeg_arrival_solitude, layout_rooms, minmay_vboxes
D:2:      layout_loops_cross, first_ration, uniq_natasha
D:3:      layout_loops_cross, nrook_mini_backslash, grunt_qazlal_sundering

Skill      XL: |  1  2  3  4 |
---------------+-------------+-----
Long Blades    | 3 |  3.1
Fighting       | 4 |  4.0
Charms         | 3 |  3.2
Dodging        | |  2.3
Spellcasting   | |  2.0

Action                   |  1- 3 |  4- 6 || total
-------------------------+-------+-------++-------
Melee: Falchion          |    76 |    40 ||   116
       Tailslap          |    11 |     8 ||    19
 Cast: Infusion          |     2 |     1 ||     3
  Eat: Ration            |       |     1 ||     1
Armor: Skin              |    35 |    23 ||    58
Dodge: Dodged            |    44 |    51 ||    95
       Rpst.: Falchion   |     7 |    13 ||    20

Table legend:
 A = Non-vault XP
 B = Vault XP
 C = Vault XP percentage of total XP
 D = Non-vault monster count
 E = Vault monster count
 F = Vault count percentage of total count
                 A         B        C        D         E       F
            +---------+---------+-------+---------+---------+-------
      Total |     115 |      54 |  32.0 |      32 |       9 |  22.0
            +---------+---------+-------+---------+---------+-------
        D:1 |      35 |      18 |  34.0 |      20 |       8 |  28.6
        D:2 |      59 |      36 |  37.9 |       8 |       1 |  11.1
        D:3 |      21 |       0 |   0.0 |       4 |       0 |   0.0
            +---------+---------+-------+---------+---------+-------
